 Dungeon Crawl Stone Soup version 0.22.1-2-g9c5b331383 (webtiles) character file.

215 Cykl0x the Firebug (level 5, 0/28 HPs)
             Began as a Gargoyle Fire Elementalist on Dec 2, 2018.
             Killed from afar by an orc wizard (6 damage)
             ... with a magic dart
             ... on level 4 of the Dungeon.
             The game lasted 00:17:57 (3408 turns).

Cykl0x the Firebug (Gargoyle Fire Elementalist)     Turns: 3408, Time: 00:17:58

Health: 0/28       AC:  6    Str: 11    XL:     5   Next: 92%
Magic:  0/9        EV: 12    Int: 16    God:
Gold:   268        SH:  0    Dex: 11    Spells: 4/10 levels left

rFire    . . .     SeeInvis .   h - +1 club
rCold    . . .     Gourm    .   (no shield)
rNeg     + . .     Faith    .   a - +0 robe
rPois    ∞         Spirit   .   (no helmet)
rElec    +         Reflect  .   (no cloak)
rCorr    .         Harm     .   (no gloves)
MR       .....                  (no boots)
Stlth    ++........             (no amulet)
HPRegen  0.09/turn              (no ring)
MPRegen  0.11/turn              (no ring)

@: no status effects
A: negative energy resistance 1, electricity resistance, unbreathing,
petrification resistance, rot immunity, AC +4
a: no special abilities


You were on level 4 of the Dungeon.
You were not hungry.

You visited 1 branch of the dungeon, and saw 4 of its levels.

You collected 268 gold pieces.

Inventory:

Hand Weapons
 h - a +1 club (weapon)
Missiles
 e - 150 stones
 m - 2 poisoned tomahawks (quivered)
Armour
 a - a +0 robe (worn)
 g - a +0 leather armour
Wands
 q - a wand of iceblast (8)
Scrolls
 d - 5 scrolls of remove curse
 f - 3 scrolls of identify
 i - 2 scrolls of immolation
 l - 3 scrolls of teleportation
Potions
 b - 2 potions of curing
 j - a potion of haste
 o - a potion of mutation
 p - a potion of cancellation
Comestibles
 c - 11 rations
 k - a chunk of flesh


   Skills:
 + Level 0.1 Fighting
 + Level 1.5 Maces & Flails
 + Level 2.1 Dodging
 + Level 3.7 Stealth
 + Level 3.1 Spellcasting
 + Level 2.3 Conjurations
 + Level 3.9 Fire Magic


You had 4 spell levels left.
You knew the following spells:

 Your Spells              Type           Power        Failure   Level  Hunger
a - Flame Tongue          Conj/Fire      ##...        4%          1    #......
b - Throw Flame           Conj/Fire      ##....       8%          2    ##.....
c - Inner Flame           Hex/Fire       #.......     24%         3    ###....

Your spell library contained the following spells:

 Spells                   Type           Power        Failure   Level  Hunger
 Conjure Flame            Conj/Fire      ##......     16%         3    ###....
 Sticky Flame             Conj/Fire      ##......     45%         4    #####..
 Fireball                 Conj/Fire      ##........   80%         5    ######.


Dungeon Overview and Level Annotations

Branches:
Dungeon (4/15)
 Temple: D:4-7

Altars:
Dithmenos
Hepliaklqana
Ru


Innate Abilities, Weirdness & Mutations

You are resistant to torment.
Your stone body is resilient. (AC +4)
You are immune to poison.
You resist negative energy. (rN+)
You are resistant to electric shocks. (rElec)
You can survive without breathing.
You are immune to petrification.
You are immune to rotting.


Message History

You don't know that spell.
Casting: Flame Tongue (safe; 4% risk of failure)
Confirm with . or Enter, or press ? or * to list all spells.
Aiming: Flame Tongue (safe; 4% risk of failure)
Press: ? - help, Shift-Dir - straight line The flame tongue hits something.
Something hits you but does no damage.
Casting: Flame Tongue (safe; 4% risk of failure)
Confirm with . or Enter, or press ? or * to list all spells.
Aiming: Flame Tongue (safe; 4% risk of failure)
Press: ? - help, Shift-Dir - straight line Something hits you but does no damage. x2
You closely miss something.
You hear some strange, mumbled words.
A puff of frost appears from out of thin air!
The puff of frost hits you!
* * * LOW HITPOINT WARNING * * *
You hear some strange, mumbled words.
A magic dart appears from out of thin air!
The magic dart hits you!
You die...

#
#.##............#
#
#...............#
.
#..#.##.#.......#
.. #. #.........#
# #. ###.......#
# ##.#.##.#
###.#.##.#
#.###...#.##.#
#.....#.†@...#
#...###### ##..#
#..# #..# #..#
..)# ##)# o..


There were no monsters in sight!

Vanquished Creatures
  A hound (D:4)
  4 gnolls (D:3)
  4 adders (D:3)
  A shadow imp (D:4)
  An ooze (D:3)
  2 adder skeletons
  4 worms
  3 dart slugs
  4 leopard geckos
  3 orcs
  A ball python (D:3)
  3 giant cockroaches
  9 goblins
  5 hobgoblins
  2 jackals (D:3)
  3 quokkas
  7 bats
  4 frilled lizards
  6 kobolds
  8 rats
75 creatures vanquished.

Notes
Turn   | Place    | Note
-------+----------+-------------------------------------------
     0 | D:1      | Cykl0x the Gargoyle Fire Elementalist began the quest for
                  | the Orb.
     0 | D:1      | Reached XP level 1. HP: 10/10 MP: 3/3
     1 | D:1      | Noticed an electric eel
   296 | D:1      | Reached XP level 2. HP: 11/15 MP: 1/5
   324 | D:1      | Learned a level 2 spell: Throw Flame
   965 | D:2      | Reached XP level 3. HP: 9/19 MP: 0/6
  1001 | D:2      | Found a sacrificial altar of Ru.
  1001 | D:2      | Found a shadowy altar of Dithmenos.
  1001 | D:2      | Found a hazy altar of Hepliaklqana.
  1043 | D:2      | Learned a level 3 spell: Inner Flame
  2049 | D:3      | Reached XP level 4. HP: 23/24 MP: 2/8
  2098 | D:3      | Reached skill level 1 in Maces & Flails
  2520 | D:3      | Reached XP level 5. HP: 28/28 MP: 7/9
  3408 | D:4      | Killed from afar by an orc wizard

Skill      XL: |  1  2  3  4  5 |
---------------+----------------+-----
Conjurations   | 2 |  2.3
Dodging        | 2 |  2.1
Maces & Flails | 1 |  1.5
Spellcasting   | 3 |  3.1
Stealth        | 3 |  3.7
Fighting       | |  0.1
Fire Magic     | |  3.9

Action                   |  1- 3 |  4- 6 || total
-------------------------+-------+-------++-------
Melee: Unarmed           |    10 |       ||    10
       Club              |    75 |    70 ||   145
Throw: Tomahawk          |       |     1 ||     1
 Cast: Flame Tongue      |    31 |    34 ||    65
       Throw Flame       |    28 |    24 ||    52
       Inner Flame       |       |     1 ||     1
  Use: Scroll            |    10 |     2 ||    12
       Potion            |       |     2 ||     2
 Stab: Sleeping          |     1 |     1 ||     2
  Eat: Chunk             |     6 |     6 ||    12
Armor: Robe              |    37 |    28 ||    65
Dodge: Dodged            |    57 |    56 ||   113
